cohdb
Replays
Latest Replays
All Replays
Popular Replays
Top Player Replays
Match Explorer
How It Works
Community
CoH3 Stats
Reddit
Sign in to upload your games and track your stats! →
Sign in with Steam
Match 45425726
Unlisted
Match 45425726
Overview
Messages
Build Orders
End
Kettenkrad Recon Vehicle
Construct Infanterie Kompanie
Selects Terror Battlegroup
Selects Machine Gun Camouflage
Grenadier Squad
MG 42 Machine Gun Team
Grenadier Squad
MG 42 Machine Gun Team
Construct Panzergrenadier Kompanie
251 Medium Carrier
Pak 40 Anti-tank Gun Team
Pioneer Squad
Support Elements
Nebelwerfer 42 Rocket Launcher Team
Nebelwerfer 42 Rocket Launcher Team
Pak 40 Anti-tank Gun Team
Construct Panzer Kompanie
Selects No Quarter
Stoßtruppen Squad
251 Medium Carrier
Selects Contempt for the Weak
Panzer IV Medium Tank
Selects Propaganda Leaflet Drop
Selects V1 Rocket Strike
Stoßtruppen Squad
V1 Rocket Strike
Pioneer Squad
Propaganda Leaflet Drop
V1 Rocket Strike
Panzer IV Medium Tank
Medical Bunker
UMirinBrah?
UWU BlueSkidrow!! UWU
FooKilla
leto
0
0
Comments
sign in to comment!
No comments posted yet!